 Dungeon Crawl Stone Soup version 0.31-a0-214-gb37851dbb3 (webtiles) character file.

Game seed: 7889713157622200814

129 qw the Shooter (level 4, -13/37 HPs)
             Began as a Minotaur Hexslinger on July 1, 2023.
             Blown up by Ijyb (19 damage)
             ... with a mindburst bolt
             ... on level 3 of the Dungeon.
             The game lasted 00:00:35 (1317 turns).

qw the Shooter (Minotaur Hexslinger)                Turns: 1317, Time: 00:00:36

Health: -13/37     AC:  6    Str: 13    XL:     4   Next: 88%
Magic:  4/4        EV: 11    Int: 10    God:
Gold:   105        SH:  0    Dex: 14    Spells: 4/5 levels left

rFire   + . .        Y - +1 sling
rCold   . . .        (no shield)
rNeg    . . .        g - +0 ring mail
rPois   .            (helmet restricted)
rElec   .            (no cloak)
rCorr   .            b - +0 pair of gloves
SInv    .            (no boots)
Will    .....        (no amulet)
Stlth   +            d - ring of protection from fire
HPRegen 0.26/turn    (no ring)
MPRegen 0.09/turn

%: no passive effects
@: no status effects
A: horns 2, retaliatory headbutt
a: no special abilities


You were on level 3 of the Dungeon.
You visited 1 branch of the dungeon, and saw 3 of its levels.

You collected 105 gold pieces.


Innate Abilities, Weirdness & Mutations

You have a pair of horns on your head.
You reflexively headbutt those who attack you in melee.


   Skills:
 + Level 2.6 Fighting
 - Level 5.0 Ranged Weapons
 - Level 1.0 Armour
 - Level 2.1 Dodging
 - Level 1.0 Spellcasting
 - Level 2.0 Hexes


You had 4 spell levels left.
You knew the following spells:

 Your Spells              Type           Power      Damage    Failure   Level
a - Slow                  Hex            16%        N/A       32%         1

Your spell library contained the following spells:

 Spells                   Type           Power      Damage    Failure   Level
 Inner Flame              Hex/Fire       2%         N/A       82%         3
 Portal Projectile        Hex/Tloc       4%         N/A       82%         3
 Cause Fear               Hex            2%         N/A       97%         4

Inventory:

Hand Weapons
 Y - a +1 sling (weapon)
Armour
 b - a +0 pair of gloves (worn)
 g - a +0 ring mail (worn)
Jewellery
 d - a ring of protection from fire (left hand)
Scrolls
 a - 2 scrolls of identify
Potions
 c - a potion of heal wounds {unknown}
 e - a potion of curing
 f - a potion of cancellation
 j - a potion of mutation

Dungeon Overview and Level Annotations

Branches:
Dungeon (3/15)

Altars:

Shops:
D:2 [

Annotations:
D:3 Ijyb


Message History

You shoot a sling bullet. The sling bullet barely misses Ijyb.
Ijyb hits you with a +3 dagger.
You shoot a sling bullet. The sling bullet barely misses Ijyb.
Ijyb hits you with a +3 dagger.
You shoot a sling bullet. The sling bullet barely misses Ijyb.
Ijyb barely misses you.
You shoot a sling bullet.
The sling bullet hits Ijyb but does no damage.
Ijyb is moderately wounded.
Ijyb hits you with a +3 dagger. x2
You shoot a sling bullet.
The sling bullet hits Ijyb but does no damage.
Ijyb is moderately wounded.
Ijyb hits you but does no damage.
You shoot a sling bullet.
The sling bullet hits Ijyb but does no damage.
Ijyb is moderately wounded.
Ijyb hits you with a +3 dagger.
You shoot a sling bullet.
The sling bullet hits Ijyb but does no damage.
Ijyb is moderately wounded.
Ijyb closely misses you. You furiously retaliate!
You headbutt Ijyb. You shoot a sling bullet. The sling bullet hits Ijyb.
Ijyb is severely wounded.
Ijyb zaps a wand.
Your mind is blasted!
Ijyb hits you but does no damage.
You shoot a sling bullet. The sling bullet hits Ijyb.
Ijyb is almost dead.
Ijyb completely misses you.
You shoot a sling bullet.
The sling bullet hits Ijyb but does no damage.
Ijyb is almost dead.
Ijyb hits you with a +3 dagger.
You shoot a sling bullet. The sling bullet closely misses Ijyb.
Ijyb hits you but does no damage. Ijyb closely misses you.
You shoot a sling bullet.
The sling bullet hits Ijyb but does no damage.
Ijyb is almost dead.
Ijyb zaps a wand.
Your mind is blasted!
Ouch! That really hurt!
You die...

#.......#...#
#.....#...#.. ...
#.......#...# ...#
#......###.###...
####....#...#...#
#..#...#..$#.#
######%...#.......
#.........###g.#
#...........@.##
#.........#####
######....# #....#
#....# ######


You could see Ijyb.

Vanquished Creatures
  An ogre (D:1)
  An adder (D:2)
  A worm (D:2)
  A dart slug (D:1)
  3 endoplasms (D:1)
  A giant cockroach (D:2)
  2 goblins
  A hobgoblin (D:1)
  2 jackals (D:2)
  3 kobolds
  A quokka (D:2)
  9 ball pythons
  2 bats (D:1)
  5 frilled lizards
  3 rats
36 creatures vanquished.

Notes
Turn   | Place    | Note
-------+----------+-------------------------------------------
     0 | D:1      | qw the Minotaur Hexslinger began the quest for the Orb.
     0 | D:1      | Reached XP level 1. HP: 16/16 MP: 1/1
     0 | D:1      | 0 ||| qw: Version: 0.3-a-32-g5962c71
     0 | D:1      | 0 ||| qw: Game counter: 7691
     0 | D:1      | 0 ||| qw: Melee chars always use a shield: true
     0 | D:1      | 0 ||| qw: God list: Okawaru
     0 | D:1      | 0 ||| qw: Allow faded altars: false
     0 | D:1      | 0 ||| qw: Do Orc after clearing Dungeon:15 true
     0 | D:1      | 0 ||| qw: Do second Lair branch before Depths: true
     0 | D:1      | 0 ||| qw: Lair rune preference: random
     0 | D:1      | 0 ||| qw: Goals: Normal
     0 | D:1      | 0 ||| PLANNING D:1-11
   169 | D:1      | Reached skill level 3 in Ranged Weapons
   169 | D:1      | Reached XP level 2. HP: 23/23 MP: 2/2
   594 | D:1      | 594 ||| UPGRADING to +0 ring mail.
   604 | D:1      | 604 ||| DROPPING +0 robe.
   605 | D:1      | 605 ||| UPGRADING to ring of protection from fire.
   606 | D:1      | 606 ||| READING 2 scrolls labelled LAM SINEIDYCU.
   607 | D:1      | 607 ||| READING 2 scrolls labelled BUNGASEZET.
   608 | D:1      | 608 ||| READING 3 scrolls labelled VUFOSIEMALI.
   609 | D:1      | 609 ||| DROPPING scroll of poison.
   610 | D:1      | 610 ||| DROPPING scroll of fog.
   611 | D:1      | 611 ||| DROPPING 2 scrolls of revelation.
   640 | D:2      | Noticed an animated shadow dragon scales
   640 | D:2      | Noticed an ogre
   644 | D:2      | 644 ||| STAIRDANCE
   648 | D:1      | Killed an ogre
   649 | D:1      | Reached skill level 5 in Ranged Weapons
   649 | D:1      | Reached XP level 3. HP: 16/29 MP: 3/3
   649 | D:1      | Reached XP level 4. HP: 20/36 MP: 4/4
   720 | D:2      | Reached skill level 1 in Armour
   939 | D:2      | Found Goaniaqi's Armour Shoppe.
   941 | D:2      | Noticed an animated storm dragon scales
   951 | D:2      | 951 ||| SHOPLISTING +2 robe of willpower (230 gold, have
                  | 47).
  1195 | D:2      | 1195 ||| UPGRADING to +0 pair of gloves.
  1200 | D:2      | 1200 ||| DROPPING ring of wizardry.
  1201 | D:2      | 1201 ||| READING 4 scrolls of identify.
  1201 | D:2      | 1201 ||| IDENTIFYING glowing amethyst potion
  1202 | D:2      | 1202 ||| READING 3 scrolls of identify.
  1202 | D:2      | 1202 ||| IDENTIFYING emerald potion
  1203 | D:2      | 1203 ||| READING 2 scrolls of identify.
  1203 | D:2      | 1203 ||| IDENTIFYING metallic coppery potion
  1298 | D:3      | Noticed Ijyb
  1313 | D:3      | HP: 8/37 [disintegration (8)]
  1317 | D:3      | Blown up by Ijyb

Levels and vault maps discovered:
D:1:      dpeg_arrival_tiny_a, layout_loops_cross
D:2:      layout_rooms, serial_shops, nicolae_shop_mannequins,
          chequers_serial_rivers_micro_e
D:3:      layout_basic, pdpol_wu_jian_five_deadly_venoms,
          minmay_misc_feat_four_crosses, uniq_ijyb

Skill      XL: |  1  2  3  4 |
---------------+-------------+-----
Ranged Weapons | 3 5 |  5.0
Fighting       | 2 |  2.6
Armour         | 1 |  1.0
Dodging        | |  2.1
Spellcasting   | |  1.0
Hexes          | |  2.0

Action                     |  1- 3 |  4- 6 || total
---------------------------+-------+-------++-------
   Fire: Sling             |    49 |    81 ||   130
    Use: Scroll            |     3 |     3 ||     6
 Armour: Robe              |     2 |       ||     2
         Ring mail         |       |    13 ||    13
  Dodge: Dodged            |     2 |    24 ||    26

Table legend:
 A = Non-vault XP
 B = Vault XP
 C = Vault XP percentage of total XP
 D = Non-vault monster count
 E = Vault monster count
 F = Vault count percentage of total count
                 A         B        C        D         E       F
            +---------+---------+-------+---------+---------+-------
      Total |     185 |       0 |   0.0 |      36 |       0 |   0.0
            +---------+---------+-------+---------+---------+-------
        D:1 |     143 |       0 |   0.0 |      20 |       0 |   0.0
        D:2 |      38 |       0 |   0.0 |      14 |       0 |   0.0
        D:3 |       4 |       0 |   0.0 |       2 |       0 |   0.0
            +---------+---------+-------+---------+---------+-------
